[Event "Gibraltar Challengers A 2019"]
[Site "Caleta"]
[Date "2019.01.24"]
[Round "4"]
[White "Carrascoso Morales, Abel"]
[Black "Janiszewski, Maciej"]
[Result "1/2-1/2"]
[ECO "B01"]
[WhiteElo "2219"]
[BlackElo "2146"]
[Annotator "NA"]
[PlyCount "118"]
[EventDate "2019.01.18"]
[EventType "swiss"]
[EventCountry "GGB"]
[SourceTitle "playchess.com"]
[Source "ChessBase"]
[SourceQuality "1"]
[TimeControl "6600+10"]

1. Nf3 Nc6 2. e4 d5 3. exd5 Qxd5 4. Nc3 Qh5 5. Be2 Bg4 6. d4 O-O-O 7. Be3 Nf6 8. h3 e5 9. Rg1 Nxd4 10. Bxd4 Bxf3 (10... exd4 $142 11. hxg4 Qa5 12. Nxd4 Bc5) 11. Bxf3 Qh4 12. Bxb7+ $1 Kxb7 13. Qf3+ c6 14. Be3 Bb4 15. g4 e4 16. Qg3 Qxg3 17. Rxg3 Bxc3+ 18. bxc3 Nd5 19. Rb1+ Ka8 20. Bd4 Rhg8 21. c4 Nb4 22. Rxb4 Rxd4 23. c3 Rd7 24. Re3 Re8 25. c5 Rde7 26. Kf1 Re5 27. Rc4 g6 28. Kg2 h5 29. gxh5 g5 30. Rg3 f6 31. h6 Kb7 (31... Rh8 $11 {keeps the balance.}) 32. h7 ({White should play} 32. Re3 $16) 32... Rh8 33. Rg4 e3 34. fxe3 Rxe3 35. Rb4+ Kc7 36. Ra4 Kb7 37. Rgb4+ Ka8 38. Re4 Rxe4 39. Rxe4 Rxh7 40. Re6 Rf7 41. Rxc6 Kb7 42. Re6 Rc7 43. Rxf6 Rxc5 44. Rf3 Kb6 45. Kf1 Kb5 46. Ke2 Kc4 47. Rg3 Ra5 48. Kd1 Rxa2 49. Rxg5 a5 50. Kc1 $1 a4 51. Kb1 Rh2 52. Ra5 Kxc3 53. Rc5+ Kb3 54. Rc1 Rxh3 $11 55. Rg1 Rc3 56. Rh1 a3 57. Rg1 a2+ 58. Ka1 Ka3 59. Rg3 Rxg3 1/2-1/2

[Event "Gibraltar Challengers A 2019"]
[Site "Caleta"]
[Date "2019.01.24"]
[Round "4"]
[White "Pinho, Paulo"]
[Black "Rodriguez Perez, Angel Mariano"]
[Result "1/2-1/2"]
[ECO "E94"]
[WhiteElo "2205"]
[BlackElo "2204"]
[Annotator "NA"]
[PlyCount "44"]
[EventDate "2019.01.18"]
[EventType "swiss"]
[EventCountry "GGB"]
[SourceTitle "playchess.com"]
[Source "ChessBase"]
[SourceQuality "1"]
[TimeControl "6600+10"]

1. d4 g6 2. c4 Bg7 3. e4 d6 4. Nc3 Nf6 5. Be2 O-O 6. Nf3 e5 7. O-O exd4 8. Nxd4 Re8 9. f3 Nc6 10. Be3 Nd7 11. Qd2 {[%emt 0:04:32] LiveBook: 7 Games E94: King's Indian: Classical: 6 Be2 e5 7 0-0: Various Black 7th moves} Nf8 (11... Nde5 12. Rfd1 Nxd4 13. Bxd4 Be6 14. b3 a6 15. Rac1 c5 16. Be3 Nc6 17. Bf1 f5 18. Qxd6 Bd4 {0-1 (18) Popov,V (2528)-Bortnyk,O (2552) Minsk 2015}) 12. Rad1 Nxd4 13. Bxd4 Bxd4+ 14. Qxd4 Ne6 15. Qd2 a5 $146 ({Predecessor:} 15... Bd7 16. b4 a5 17. a3 axb4 18. axb4 Bc6 {1-0 (32) Lozhnikov,V (2323)-Kuznetsov,E (2172) Tomsk 2013}) 16. f4 Nc5 17. Qd4 f5 18. e5 $2 Ne6 19. Qf2 Nc5 20. Qd4 (20. exd6 $18 cxd6 21. Bf3) 20... Ne6 {[%emt 0:00:17] [#]} 21. Qe3 $1 Nc5 22. Qd4 (22. Bf3 $16) 22... Ne6 $14 1/2-1/2

[Event "Gibraltar Challengers A 2019"]
[Site "Caleta"]
[Date "2019.01.24"]
[Round "4"]
[White "Lucas Vega, Ivan"]
[Black "Cao Armillas, Jesus"]
[Result "1-0"]
[ECO "B81"]
[WhiteElo "2203"]
[BlackElo "2048"]
[Annotator "NA"]
[PlyCount "99"]
[EventDate "2019.01.18"]
[EventType "swiss"]
[EventCountry "GGB"]
[SourceTitle "playchess.com"]
[Source "ChessBase"]
[SourceQuality "1"]
[TimeControl "6600+10"]

1. e4 c5 2. Nf3 d6 3. d4 cxd4 4. Nxd4 Nf6 {[%emt 0:00:06] LiveBook: 97556 Games} 5. Nc3 a6 6. h3 e6 7. g4 Nc6 {[%emt 0:00:40] B81: Sicilian Scheveningen: Keres Attack} (7... Be7 8. g5 Nfd7 9. Be3 b5 10. a3 Bb7 11. h4 Nc6 12. Rg1 Nc5 13. f3 O-O 14. h5 d5 15. exd5 exd5 16. Nxc6 Bxc6 {1-0 (67) Wang,H (2730)-Yilmaz,M (2636) St Petersburg 2018}) 8. Be3 Be7 9. Qd2 Qc7 10. Bg2 h6 11. f4 Nxd4 12. Bxd4 e5 13. Be3 Be6 $146 ({Predecessor:} 13... exf4 14. Bxf4 Be6 15. O-O-O Rd8 16. Nd5 Nxd5 17. exd5 {1-0 (27) Leon Hoyos,M (2542)-Cebalo,M (2500) Nova Gorica 2010}) 14. f5 Bd7 15. O-O-O Rc8 16. g5 hxg5 17. Bxg5 Bc6 18. Kb1 b5 19. Bxf6 gxf6 (19... Bxf6 $11 20. Qxd6 Qxd6 21. Rxd6 b4) 20. Qe2 Bf8 21. Bf3 Bh6 22. Nd5 Bxd5 23. Rxd5 Ke7 24. Rhd1 Bg5 25. Bg4 Qb6 ({Black should play} 25... Rhd8 $14) 26. a4 (26. Rxd6 $16 Qxd6 27. Rxd6 Kxd6 28. Qd3+ Kc6 29. a4) 26... Rc5 27. a5 (27. Rxd6 $16 Qxd6 28. Rxd6 Kxd6 29. axb5 axb5 30. Qd3+ Ke7 31. Qa3) 27... Qc7 (27... Qxa5 $11 {remains equal.} 28. Rxd6 Rhc8) 28. Qd3 ({White must play} 28. Rxd6 $16 Qxd6 29. Rxd6 Kxd6 30. Bh5) 28... Rxd5 29. Qxd5 Rc8 30. c3 Qc6 31. Qd3 Qc5 32. Be2 Rc6 33. Qd5 Qxd5 34. Rxd5 Kd7 35. Kc2 Rc5 $16 36. Rd1 Rc8 37. b4 Bh4 38. Kb3 Bf2 39. c4 Rh8 40. cxb5 Rxh3+ 41. Ka4 axb5+ 42. Bxb5+ Kc7 43. Rc1+ Kb8 44. Bc4 Bd4 45. Bd5 Rc3 46. Rxc3 Bxc3 47. b5 Ka7 48. b6+ Ka6 49. Bc4+ Kb7 50. Kb5 1-0

[Event "Gibraltar Challengers A 2019"]
[Site "Caleta"]
[Date "2019.01.24"]
[Round "4"]
[White "Torres, Federico"]
[Black "Tworzydlo, Piotr"]
[Result "0-1"]
[ECO "A05"]
[WhiteElo "2196"]
[BlackElo "2165"]
[Annotator "NA"]
[PlyCount "77"]
[EventDate "2019.01.18"]
[EventType "swiss"]
[EventCountry "GGB"]
[SourceTitle "playchess.com"]
[Source "ChessBase"]
[SourceQuality "1"]
[TimeControl "6600+10"]

1. c3 Nf6 2. Nf3 b6 3. g3 Bb7 4. Bg2 e6 5. O-O Be7 6. d3 d5 7. Nbd2 O-O {[%emt 0:03:43] A05: Réti Opening: 1 Nf3 Nf6} 8. e4 (8. Qc2 Nbd7 9. Re1 c5 10. e4 c4 11. dxc4 dxe4 12. Ng5 e3 13. Rxe3 Bxg2 14. Kxg2 {1-0 (32) Dableo,R (2419)-Garma,C (2327) Bacolod 2017}) 8... dxe4 $146 ({Predecessor:} 8... c5 9. e5 Nfd7 10. Re1 Nc6 11. Nf1 Qc7 12. Bf4 Rfd8 13. h4 Nf8 14. h5 b5 15. d4 cxd4 16. cxd4 Rdc8 17. Ne3 Qb6 18. Ng4 Nb4 19. Re2 {1-0 (30) Herink,M-Glass,E Marianske Lazne 1959}) 9. Ng5 Qxd3 10. Ndxe4 Qa6 11. Bf4 Nxe4 12. Nxe4 Bc6 13. Bxc7 Qb7 14. Bd6 Rd8 15. Qd4 Na6 16. Qe5 Bxd6 17. Nxd6 Rxd6 18. Qxd6 Bxg2 19. Rfd1 h6 $19 20. Qd7 Qxd7 21. Rxd7 Bf3 22. b4 Kf8 23. Re1 Bc6 24. Rd4 Rc8 25. a3 Bd5 26. Rd3 Rc4 27. a4 f5 28. f4 Kf7 29. h4 Nc7 30. Kf2 Ne8 31. Ke2 Nd6 32. Kd2 Kf6 33. Kc1 a5 34. bxa5 bxa5 35. Kb2 Rxa4 36. Rd4 Nc4+ 37. Kb1 Ra3 38. Kc2 Ra2+ 39. Kc1 {[%emt 0:00:01] Ke5 [%emt 00:00:16]} 0-1

[Event "Gibraltar Challengers A 2019"]
[Site "Caleta"]
[Date "2019.01.24"]
[Round "4"]
[White "Pavlov, Egor"]
[Black "Abdulraheem Abdulrahman Akint"]
[Result "0-1"]
[ECO "A21"]
[WhiteElo "2187"]
[BlackElo "2224"]
[Annotator "NA"]
[PlyCount "60"]
[EventDate "2019.01.18"]
[EventType "swiss"]
[EventCountry "GGB"]
[SourceTitle "playchess.com"]
[Source "ChessBase"]
[SourceQuality "1"]
[TimeControl "6600+10"]

1. c4 e5 2. Nc3 Bb4 3. Qb3 a5 4. a3 Bxc3 5. Qxc3 d6 6. g3 Ne7 7. Bg2 O-O 8. b3 Nbc6 9. e3 Bf5 10. e4 Bg4 11. h3 Bd7 12. Ne2 Qc8 13. Bb2 f5 14. d3 Rf6 15. f3 Qb8 16. O-O Qc8 17. g4 f4 18. b4 Ng6 19. b5 Nce7 (19... Nd8 $1 $15) 20. d4 c5 21. dxe5 (21. bxc6 $5 Qxc6 22. h4 $16) 21... Nxe5 22. Rad1 N7g6 23. g5 {[%emt 0:03:44] [#]} (23. Qc1 $11) 23... Rf7 $1 24. Rxd6 Bxh3 25. Rd5 $2 (25. Kh2 $17 {is a better chance.} Be6 26. Rfd1 Nxc4 27. Rxe6 Nxb2 28. Rdd6) 25... Nh4 26. Nxf4 Bxg2 27. Nxg2 Nhxf3+ 28. Rxf3 Nxf3+ 29. Kf2 Nd4+ $19 30. Ke1 Qg4 0-1

[Event "Gibraltar Challengers A 2019"]
[Site "Caleta"]
[Date "2019.01.24"]
[Round "4"]
[White "Lacrosse, Marc"]
[Black "Castrillon Gomez, Melissa"]
[Result "1/2-1/2"]
[ECO "A90"]
[WhiteElo "2182"]
[BlackElo "2244"]
[Annotator "NA"]
[PlyCount "93"]
[EventDate "2019.01.18"]
[EventType "swiss"]
[EventCountry "GGB"]
[SourceTitle "playchess.com"]
[Source "ChessBase"]
[SourceQuality "1"]
[TimeControl "6600+10"]

1. d4 d5 2. c4 e6 3. Nf3 c6 4. Qc2 f5 5. g3 Nf6 6. Bg2 Bd6 7. O-O O-O 8. b3 Qe7 9. Bb2 Ne4 10. Nbd2 Nd7 11. Ne5 {[%emt 0:05:47] LiveBook: 15 Games} a5 12. Rad1 Nxe5 13. dxe5 Bc5 14. e3 Bd7 15. Rc1 Bb4 16. Nxe4 fxe4 17. Rfd1 Be8 18. c5 a4 19. Rd4 axb3 20. axb3 Ba3 21. Ra1 Bxb2 22. Rxa8 Bxd4 23. exd4 Qg5 24. Qc3 Qh5 25. Qd2 h6 26. h4 Qf5 27. Rb8 Kh7 {[%emt 0:06:11] [#]} 28. Qf4 $1 g5 29. Rxb7+ Rf7 30. Rxf7+ Bxf7 31. Qxf5+ exf5 32. hxg5 hxg5 33. f4 Kg6 34. Bf1 Be6 35. Kf2 g4 {[%emt 0:03:50] [#]} 36. b4 $2 (36. Ba6 $1 $18 {is the precise move to win.} Bd7 37. Bb7) 36... Kf7 37. b5 cxb5 38. Bxb5 Ke7 39. Ke3 Kd8 40. Kd2 Bd7 41. Bxd7 Kxd7 42. Kc3 Kd8 43. Kb3 Ke7 $2 (43... Kd7 $14 44. Kb4 Kd8) 44. c6 Ke6 45. Kb4 Ke7 46. Kc3 Ke6 47. Kb4 1/2-1/2

[Event "Gibraltar Challengers A 2019"]
[Site "Caleta"]
[Date "2019.01.24"]
[Round "4"]
[White "Lim, Zhuo Ren"]
[Black "Maisuradze, Nino"]
[Result "1-0"]
[ECO "A26"]
[WhiteElo "2178"]
[BlackElo "2215"]
[Annotator "NA"]
[PlyCount "173"]
[EventDate "2019.01.18"]
[EventType "swiss"]
[EventCountry "GGB"]
[SourceTitle "playchess.com"]
[Source "ChessBase"]
[SourceQuality "1"]
[TimeControl "6600+10"]

1. c4 e5 2. g3 Nc6 3. Bg2 g6 4. Nc3 Bg7 5. Nf3 Nge7 6. O-O d6 7. d3 h6 8. Rb1 a5 9. a3 Be6 10. b4 {[%emt 0:01:07] A26: English Opening vs King's Indian with ...Nc6 and d3} axb4 11. axb4 O-O 12. b5 {[%emt 0:00:49] LiveBook: 11 Games} Na5 (12... Nd4 13. Nxd4 exd4 14. Nd5 Nxd5 15. cxd5 Bd7 16. Rb4 b6 17. Bb2 Ra5 18. Bxd4 Bxd4 19. Rxd4 Bxb5 {½-½ (34) Bacrot,E (2718)-Fontaine,R (2563) chess.com INT 2018}) 13. Nd2 e4 $146 ({Predecessor:} 13... d5 14. Ba3 dxc4 15. dxc4 Re8 16. Qc1 Nxc4 17. Nxc4 Bxc4 18. Bxb7 {1-0 (25) Cruz,J (2459)-Aubry,Y (2251) Barcelona 2014}) 14. Qc2 exd3 15. Qxd3 Rb8 16. Bb2 c6 17. Rfc1 (17. Nce4 $16) 17... d5 $1 18. cxd5 cxd5 19. e4 dxe4 20. Qxd8 Rfxd8 21. Ncxe4 f5 22. Bxg7 Kxg7 23. Nc5 Bf7 24. Nf1 b6 25. Na6 Rbc8 26. Ne3 Nb3 27. Rxc8 Rxc8 28. Rd1 Rc1 29. Rxc1 Nxc1 30. Nc7 Ne2+ 31. Kf1 Nd4 32. Bb7 Kf8 33. Ba6 Be8 $2 (33... g5 $11) 34. Nc4 f4 35. Nxb6 Nef5 36. Nbd5 f3 $2 (36... fxg3 37. fxg3 (37. hxg3 Nd6 $16) 37... Nd6) 37. Nxe8 Kxe8 38. b6 Kd8 39. Bd3 Kc8 40. Ba6+ Kb8 41. g4 Nd6 42. Ne7 g5 43. Ng8 Nf7 44. h3 Nc6 45. Bc4 Nfe5 46. Bd5 Kb7 47. Nxh6 Kxb6 48. Kg1 Nd4 49. Nf7 Nxf7 (49... Kc5 $16) 50. Bxf7 Kc5 51. Kh2 Ne2 52. h4 gxh4 53. Kh3 Kd4 54. Kxh4 Ke5 55. g5 Nc3 {[%emt 0:00:03] [#]} 56. g6 $1 Kf6 57. Kg3 Ne4+ 58. Kxf3 Nd6 59. Kf4 Nc8 60. Ke4 Nd6+ $1 61. Kd5 $2 (61. Kf3 $18 {is more deadly.}) 61... Nf5 62. Ke4 (62. f3 $16) 62... Nd6+ 63. Kd4 Nf5+ 64. Kd5 Ne7+ 65. Kd6 Nf5+ 66. Kd5 Ne7+ 67. Ke4 Nc8 68. Kf3 Nd6 69. Kg4 Ne4 70. f3 Nd6 71. Kf4 Nc8 72. Kg3 Nd6 73. Kg4 Nf5 74. Kh5 Kg7 75. Kg5 Nd4 76. f4 Nf3+ 77. Kf5 Nh4+ 78. Kg5 Nf3+ 79. Kh5 Kf6 80. Bd5 Nd4 81. Kh6 Nf5+ 82. Kh7 Ng7 83. Be4 Ne6 84. Kh6 Ng7 85. f5 Ne8 86. Bc6 Ng7 87. Bd7 1-0

[Event "Gibraltar Challengers A 2019"]
[Site "Caleta"]
[Date "2019.01.24"]
[Round "4"]
[White "Bengherabi, Khalil"]
[Black "Erdogan, Hassan"]
[Result "1-0"]
[ECO "B27"]
[WhiteElo "2150"]
[BlackElo "1833"]
[Annotator "NA"]
[PlyCount "98"]
[EventDate "2019.01.18"]
[EventType "swiss"]
[EventCountry "GGB"]
[SourceTitle "playchess.com"]
[Source "ChessBase"]
[SourceQuality "1"]
[TimeControl "6600+10"]

1. e4 c5 2. Nf3 g6 3. d4 cxd4 4. Qxd4 Nf6 {[%emt 0:00:07] LiveBook: 826 Games} 5. Nc3 Nc6 6. Qa4 d6 7. e5 dxe5 8. Nxe5 Bd7 {[%emt 0:19:30] B27: Sicilian: 2 Nf3, unusual Black 2nd moves} 9. Nxd7 Nxd7 (9... Qxd7 10. Be2 Bg7 11. O-O O-O 12. Rd1 Qf5 13. Bd3 Qh5 14. Qb5 Qxb5 15. Bxb5 Nb4 16. Ba4 {1-0 (60) Guseinov,G (2664)-Gordievsky,D (2614) St Petersburg 2018}) 10. Be2 Bg7 11. O-O Nb6 12. Qh4 e6 $146 ({Predecessor:} 12... e5 13. Bg5 Qd4 14. Nb5 Qxh4 15. Bxh4 O-O 16. Nd6 {0-1 (68) Yagiz,B (1862)-Upper,J (1969) Quebec 2018}) 13. Bg5 f6 14. Be3 O-O 15. Bc5 Rf7 16. Nb5 f5 17. Qxd8+ Rxd8 18. Nxa7 Na4 19. Nxc6 bxc6 20. Ba3 Rfd7 21. Bc4 Rd2 22. Bxe6+ Kh8 23. Rab1 Bd4 24. Bb3 Nc5 25. c3 Nxb3 26. cxd4 Nxd4 27. Rfe1 Nc2 28. Be7 Nxe1 29. Bxd8 Nf3+ 30. gxf3 Rxd8 31. a4 Ra8 32. Ra1 Kg7 33. Kf1 f4 34. Ke2 Kf6 35. Kd3 Kg5 36. a5 $18 Kh4 37. a6 Kh3 38. Ke4 g5 39. Kf5 h6 40. Kg6 Kg2 41. Ra3 Kxf2 42. Kxh6 g4 43. fxg4 f3 44. g5 Ke2 45. b4 f2 46. Ra2+ Ke3 47. Rxf2 Kxf2 48. g6 Rxa6 49. g7 Ra8 1-0

[Event "Gibraltar Challengers A 2019"]
[Site "Caleta"]
[Date "2019.01.24"]
[Round "4"]
[White "Jordan Martinez, Miguel"]
[Black "Kukic, Boris"]
[Result "1-0"]
[ECO "C00"]
[WhiteElo "2142"]
[BlackElo "2035"]
[Annotator "NA"]
[PlyCount "57"]
[EventDate "2019.01.18"]
[EventType "swiss"]
[EventCountry "GGB"]
[SourceTitle "playchess.com"]
[Source "ChessBase"]
[SourceQuality "1"]
[TimeControl "6600+10"]

1. e4 e6 2. b3 d5 3. Bb2 Nc6 4. Bb5 Bd7 5. exd5 exd5 6. Qf3 a6 7. Be2 Be6 8. Nh3 Nf6 9. Nf4 Be7 10. h3 Nb4 11. Na3 Qd6 12. c3 Nc6 $11 13. d4 Ne4 14. Nc2 Bf6 15. Nh5 O-O-O 16. Nxf6 gxf6 17. O-O-O f5 18. Rhe1 Rhg8 19. Bf1 Qe7 20. Qf4 Qg5 21. Qxg5 Rxg5 22. Re2 Rdg8 23. Ne1 Rh5 24. Nd3 Ne7 25. Nf4 Rh6 26. Kc2 Ng6 27. Bc1 Kd7 28. Nxe6 fxe6 29. Bxh6 1-0

[Event "Gibraltar Challengers A 2019"]
[Site "Caleta"]
[Date "2019.01.24"]
[Round "4"]
[White "Ramasindraibe, Girard"]
[Black "Tovarek, Antonin"]
[Result "1-0"]
[ECO "A26"]
[WhiteElo "2129"]
[BlackElo "1995"]
[Annotator "NA"]
[PlyCount "71"]
[EventDate "2019.01.18"]
[EventType "swiss"]
[EventCountry "GGB"]
[SourceTitle "playchess.com"]
[Source "ChessBase"]
[SourceQuality "1"]
[TimeControl "6600+10"]

1. c4 e5 2. Nc3 Nc6 3. g3 g6 4. Bg2 Bg7 5. Nf3 d6 6. d3 Nge7 7. Rb1 O-O 8. O-O h6 9. Bd2 Be6 10. b4 Qc8 11. Re1 f5 12. Qc1 Kh7 13. b5 Nd8 14. Nh4 Nf7 15. a4 $11 ({Better is} 15. Nd5 $14 Bxd5 16. cxd5) 15... g5 16. Nf3 g4 17. Nh4 Bf6 18. a5 Rb8 19. Nd5 Bxh4 20. gxh4 Ng8 21. c5 Bxd5 22. Bxd5 Qd8 23. cxd6 cxd6 24. b6 axb6 25. Rxb6 Qxh4 26. Qc7 Rbc8 27. Qxb7 Ne7 28. Bxf7 Rxf7 29. Rxd6 f4 30. Qe4+ Rf5 31. Re6 Rg8 32. Rxe7+ Qxe7 33. Qxf5+ Rg6 34. Rc1 g3 35. Rc6 gxh2+ 36. Kh1 1-0

[Event "Gibraltar Challengers A 2019"]
[Site "Caleta"]
[Date "2019.01.24"]
[Round "4"]
[White "Alarcon Olmos, Daniel"]
[Black "Skutta, Bernd"]
[Result "0-1"]
[ECO "C20"]
[WhiteElo "2124"]
[BlackElo "1988"]
[Annotator "NA"]
[PlyCount "82"]
[EventDate "2019.01.18"]
[EventType "swiss"]
[EventCountry "GGB"]
[SourceTitle "playchess.com"]
[Source "ChessBase"]
[SourceQuality "1"]
[TimeControl "6600+10"]

1. e4 d6 2. c4 e5 3. Ne2 c5 4. g3 Bg4 5. Bg2 Qd7 6. h3 Be6 7. d3 Nc6 8. Nbc3 Nge7 9. Nd5 Nd4 10. Nxd4 exd4 11. f4 f5 12. g4 fxg4 13. f5 Bxd5 14. cxd5 g3 15. h4 Ng8 16. Bf4 $14 Be7 17. Bxg3 Nh6 18. Bf4 Nf7 19. Bf3 Qd8 20. Qa4+ Qd7 21. Qb3 O-O 22. Qc2 Bf6 23. Bh5 Ne5 24. Rd1 b5 25. Bxe5 Bxe5 26. Qf2 Rac8 27. Rg1 c4 28. Bg4 Bf6 29. dxc4 Rxc4 30. b3 Rc3 31. Rxd4 Qd8 32. Kd2 Qa5 33. Kd1 Rfc8 34. Rd2 Bxh4 35. Qxh4 Rc1+ 36. Ke2 Rxg1 37. Bf3 Rcc1 38. f6 gxf6 39. Bg4 Rg2+ 40. Kf3 Qxd2 41. Be6+ Kg7 0-1

[Event "Gibraltar Challengers A 2019"]
[Site "Caleta"]
[Date "2019.01.24"]
[Round "4"]
[White "Verneuil, Pascal"]
[Black "Onabogun, Kolade"]
[Result "0-1"]
[ECO "B23"]
[WhiteElo "2114"]
[BlackElo "2189"]
[Annotator "NA"]
[PlyCount "156"]
[EventDate "2019.01.18"]
[EventType "swiss"]
[EventCountry "GGB"]
[SourceTitle "playchess.com"]
[Source "ChessBase"]
[SourceQuality "1"]
[TimeControl "6600+10"]

1. e4 c5 2. Nc3 Nc6 3. Bb5 g6 4. Bxc6 dxc6 5. d3 {[%emt 0:00:07] B23: Closed Sicilian: Lines without g3} (5. f4 Bg7 6. Nf3 h5 7. d3 Nh6 8. h3 O-O 9. O-O b5 10. Be3 c4 11. dxc4 Qxd1 12. Raxd1 bxc4 13. Ne5 {1-0 (34) Jovanovic,Z (2534)-Naiditsch,A (2687) Tallinn 2016}) 5... e5 6. Be3 b6 7. Nge2 Bg7 8. Qd2 h6 9. f4 Nf6 10. h3 exf4 11. Bxf4 Nd7 $146 ({Predecessor:} 11... Nh5 12. Be3 Qh4+ 13. g3 Qe7 14. a4 Be5 15. g4 {½-½ (61) Altshul,R (2298)-Vunder,Y (2194) St Petersburg 2004}) 12. O-O-O Qe7 13. Kb1 Bb7 14. Rhf1 O-O-O 15. Qe3 Ne5 16. Qf2 Rd7 17. g4 h5 18. g5 Qe6 19. Qe3 Re8 20. Bh2 Ba6 21. Qg3 Kb7 22. Nf4 Qe7 23. Rf2 Qd8 24. Nfe2 b5 25. Qe3 Bf8 26. Rdf1 Qc7 27. Nc1 Kc8 28. Nb3 c4 29. d4 cxb3 30. Bxe5 Bd6 31. Bf6 b4 32. Ne2 bxc2+ 33. Kxc2 c5 34. Kb1 Qb7 35. e5 cxd4 36. Rc1+ Rc7 37. Nxd4 Kb8 38. Rfc2 Rxc2 39. Rxc2 Bb5 40. Qg3 Qh1+ 41. Rc1 Qe4+ 42. Ka1 Bxe5 43. Bxe5+ Qxe5 44. Qg1 Bd7 45. Qd1 Rc8 46. Rxc8+ Kxc8 47. Qd2 Qd5 48. Qc1+ Kd8 49. Nc2 Qc4 50. Qd1 b3 51. Na3 Qc5 52. axb3 Qxg5 53. Qd4 Qa5 54. Qd6 Qe1+ 55. Ka2 Qe6 56. Qb8+ Ke7 57. Nc4 Qa6+ 58. Na3 Bxh3 59. Qb4+ Qd6 60. Qh4+ Kf8 61. Qxh3 Kg7 62. Nc4 Qf4 63. Ne3 h4 64. Nf1 f5 65. Qc3+ Kh6 66. Ne3 Kg5 67. Nd5 Qd6 68. Qd2+ f4 69. Qg2+ Kf5 70. Qf3 g5 71. Ne3+ Kg6 72. Ng4 Qa6+ 73. Kb1 Qe6 $11 74. Qd1 f3 75. Nf2 Qf5+ 76. Ka2 g4 77. Qd6+ Kh5 78. Nd3 g3 0-1

[Event "Gibraltar Challengers A 2019"]
[Site "Caleta"]
[Date "2019.01.24"]
[Round "4"]
[White "Crocker, Philip J"]
[Black "Cano Sevilla, Ivan"]
[Result "1/2-1/2"]
[ECO "A37"]
[WhiteElo "2109"]
[BlackElo "1950"]
[Annotator "NA"]
[PlyCount "127"]
[EventDate "2019.01.18"]
[EventType "swiss"]
[EventCountry "GGB"]
[SourceTitle "playchess.com"]
[Source "ChessBase"]
[SourceQuality "1"]
[TimeControl "6600+10"]

1. c4 c5 2. g3 g6 3. Bg2 Bg7 4. Nc3 Nc6 5. Nf3 e5 6. O-O d6 7. a3 Nge7 8. b4 O-O 9. Rb1 {[%emt 0:01:29] A37: Symmetrical English vs ...g6: 4 Bg2 Bg7 5 Nf3} f5 (9... Rb8 10. d3 h6 11. Nd2 b6 12. Qa4 Bd7 13. b5 Na5 14. Qc2 f5 15. Bb2 Kh7 16. e3 Qe8 17. Rbe1 Nb7 18. f4 Nd8 {1-0 (40) Bocharov,D (2583)-Tregubov,P (2575) Riadh 2017}) 10. Ne1 Rb8 11. d3 Be6 12. Nc2 b6 13. Ne3 Qd7 14. Bd2 $146 ({Predecessor:} 14. Ned5 Kh8 15. b5 Nd8 16. Bg5 Nxd5 17. Nxd5 Bxd5 18. Bxd5 {0-1 (28) Raygrotzki,N (2004)-Wittenberg,A (2129) SVR 2009}) 14... f4 15. Ned5 g5 16. b5 Nd4 17. Nxe7+ Qxe7 18. e3 Nf5 19. Nd5 Qf7 20. exf4 gxf4 21. Kh1 Kh8 22. Be4 Nd4 23. gxf4 h5 24. Rg1 Bg4 25. Rxg4 hxg4 26. Qxg4 Nf5 27. Rg1 Rb7 28. fxe5 Bxe5 29. Ne3 Qh7 30. f4 Rg7 31. Bxf5 Rxg4 32. Bxh7 Rgxf4 $16 33. Be4 Rf2 34. Rg2 Bd4 35. Bc1 Rf1+ 36. Rg1 Rxc1 37. Rxc1 Bxe3 38. Rc2 Rf1+ 39. Kg2 Ra1 40. Kf3 Bd4 41. Kg4 Rxa3 42. Kf5 Ra1 43. Ke6 Be5 44. Rf2 Rg1 45. Rf8+ Rg8 46. Rxg8+ Kxg8 47. h4 Kg7 48. h5 Kf8 49. Kd7 Kf7 50. h6 Bf4 51. h7 Be5 52. Bd5+ Kf8 53. Bc6 Kf7 54. h8=Q Bxh8 55. Kxd6 Bd4 56. Kc7 Ke7 57. Kb7 Kd8 58. Kxa7 Kc7 59. Ka6 Bg1 60. Be4 Bd4 61. Ka7 Bg1 62. Bf3 Bd4 63. Be4 Bg1 64. Bf3 1/2-1/2

[Event "Gibraltar Challengers A 2019"]
[Site "Caleta"]
[Date "2019.01.24"]
[Round "4"]
[White "Bujakevich, Aleksandr"]
[Black "Hestvik, Elias"]
[Result "1-0"]
[ECO "B15"]
[WhiteElo "2054"]
[BlackElo "1740"]
[Annotator "NA"]
[PlyCount "49"]
[EventDate "2019.01.18"]
[EventType "swiss"]
[EventCountry "GGB"]
[SourceTitle "playchess.com"]
[Source "ChessBase"]
[SourceQuality "1"]
[TimeControl "6600+10"]

1. e4 c6 2. d4 d5 3. Nc3 dxe4 4. Nxe4 Nf6 5. Nxf6+ exf6 6. Bc4 Bd6 7. Qe2+ Qe7 8. d5 Bg4 9. Qxe7+ Kxe7 10. Be3 Be5 11. Ne2 b5 12. Bd3 cxd5 13. Bxb5 Nd7 14. Nd4 Nb6 15. b3 Bd7 16. Bxd7 Kxd7 17. O-O-O Rhe8 18. a4 Bxd4 19. Rxd4 Kc6 20. Rhd1 Re4 21. R4d3 a5 22. Rc3+ Kb7 23. Bxb6 Kxb6 24. Rxd5 Re7 25. Rb5+ 1-0

[Event "Gibraltar Challengers A 2019"]
[Site "Caleta"]
[Date "2019.01.24"]
[Round "4"]
[White "Kozarcanin, Sead"]
[Black "Hng, Mei-Xian Eunice"]
[Result "1-0"]
[ECO "A03"]
[WhiteElo "2048"]
[BlackElo "1718"]
[Annotator "NA"]
[PlyCount "161"]
[EventDate "2019.01.18"]
[EventType "swiss"]
[EventCountry "GGB"]
[SourceTitle "playchess.com"]
[Source "ChessBase"]
[SourceQuality "1"]
[TimeControl "6600+10"]

1. b3 Nf6 2. Bb2 g6 3. f4 Bg7 4. Nf3 O-O 5. e3 d5 6. c4 Nc6 7. Be2 Bf5 8. Na3 Nb4 9. d4 c5 10. O-O cxd4 11. Bxd4 Nc6 12. h3 Nxd4 13. Nxd4 $15 Ne4 14. cxd5 Nc3 15. Qd2 Nxe2+ 16. Qxe2 Qxd5 17. Nxf5 Qxf5 18. Rad1 Rad8 19. Kh1 Qe4 20. Nc4 b5 21. Na3 a6 22. Nc2 e5 23. Qf2 Rc8 24. Rd2 Rc6 25. Qf3 Qxf3 26. Rxf3 Rfc8 27. Rff2 e4 28. g4 f5 29. Kg2 Bc3 30. Rd5 Rc5 31. Rd7 R8c7 32. Rd6 a5 33. Rd1 Kf7 34. Re2 Ke6 35. Kf2 Rd7 36. gxf5+ gxf5 37. Rxd7 Kxd7 38. Kg3 Rc6 39. Na3 Rc5 40. Kf2 Ke6 41. Rc2 Kd5 42. Ke2 Bb4 43. Rxc5+ Kxc5 44. Nb1 Kd5 45. Kd1 Ke6 46. Ke2 Kf6 47. a3 Bc5 48. Nc3 Bxa3 49. Nxb5 Bc5 50. Nc3 Ke6 51. Na4 Bb4 52. Nb2 Kd5 53. Kd1 Kc6 54. Kc2 Kb5 55. Nd1 Bc5 56. Kc3 Bb6 57. Kc2 Kb4 58. Nc3 Bd8 59. Nd5+ Kc5 60. Nc3 Bf6 61. Na4+ Kb4 62. Nb6 Bd8 63. Nd5+ Kc5 64. Nc3 Bf6 65. Ne2 Kb4 66. Ng3 a4 67. bxa4 Kxa4 68. Nxf5 Kb4 69. Nd6 Be7 70. Nxe4 Kc4 71. Kd2 Kd5 72. Kd3 h6 73. Nc3+ Ke6 74. e4 Bd6 75. Ke3 h5 76. Kf3 Be7 77. Ne2 Kf6 78. e5+ Kg6 79. Ke4 Bh4 80. f5+ Kf7 81. Nf4 1-0